 Dungeon Crawl Stone Soup version 0.28-a0-957-g42eb19b844 (webtiles) character file.

Game seed: 13435915841836314448

46 ryw the Sneak (level 3, 0/28 HPs)
             Began as a Human Brigand on Nov 30, 2021.
             Slain by a hobgoblin (1 damage)
             ... on level 2 of the Dungeon.
             The game lasted 00:01:18 (983 turns).

ryw the Sneak (Human Brigand)                        Turns: 983, Time: 00:01:18

Health: 0/28       AC:  3    Str: 11    XL:     3   Next: 95%
Magic:  3/3        EV: 12    Int: 11    God:
Gold:   46         SH:  0    Dex: 16    Spells: 2/2 levels left

rFire   . . .      SeeInvis .   a - +2 dagger
rCold   . . .      Faith    .   (no shield)
rNeg    . . .      Spirit   .   b - +0 robe
rPois   .          Reflect  .   (no helmet)
rElec   .          Harm     .   c - +0 cloak
rCorr   .          Rampage  .   (no gloves)
Will    .....                   (no boots)
Stlth   +++.......              (no amulet)
HPRegen 0.09/turn               (no ring)
MPRegen 0.08/turn               (no ring)

@: no status effects
A: no striking features
a: no special abilities


You were on level 2 of the Dungeon.
You visited 1 branch of the dungeon, and saw 2 of its levels.

You collected 46 gold pieces.

Inventory:

Hand Weapons
 a - a +2 dagger (weapon)
Missiles
 d - 8 poisoned darts (quivered)
 e - 2 curare-tipped darts
Armour
 b - a +0 robe (worn)
 c - a +0 cloak (worn)
Scrolls
 g - a scroll of teleportation {unknown}
 h - 3 scrolls of identify {unknown}
Potions
 f - a potion of magic
 i - 2 potions of curing {unknown}


   Skills:
 + Level 2.5 Fighting
 * Level 3.1 Short Blades
 - Level 2.0 Throwing
 + Level 1.8 Dodging
 - Level 4.0 Stealth


You had 2 spell levels left.
You didn't know any spells.
Your spell library contained the following spells:

 Spells                   Type           Power      Damage    Failure   Level
 Summon Small Mammal      Summ           0%         N/A       34%         1
 Call Canine Familiar     Summ           0%         N/A       71%         3
 Summon Guardian Golem    Hex/Summ       0%         N/A       71%         3


Dungeon Overview and Level Annotations

Branches:
Dungeon (2/15)

Altars:


Message History

The ball python constricts you.
You escape the ball python's grasp.
A ball python comes into view.
The ball python bites you. The ball python closely misses you.
The endoplasm freezes you.
You are frozen.
The ball python bites you but does no damage.
The ball python grabs you. The ball python constricts you.
You hit the ball python.
You kill the ball python!
You barely miss the goblin. The goblin barely misses you.
You hit the goblin.
The goblin is moderately wounded.
The goblin hits you with a +0 club.
You hit the goblin.
You kill the goblin!
You hit the endoplasm.
The endoplasm is heavily wounded.
The endoplasm freezes you.
You are frozen.
You hit the endoplasm.
The endoplasm is almost dead.
The endoplasm hits you.
You hit the endoplasm.
You kill the endoplasm!
You barely miss the hobgoblin. The hobgoblin hits you.
* * * LOW HITPOINT WARNING * * *
You hit the hobgoblin.
The hobgoblin is moderately wounded.
The hobgoblin hits you.
* * * LOW HITPOINT WARNING * * *
Unknown command.
You completely miss the hobgoblin.
The hobgoblin is moderately wounded.
The hobgoblin hits you.
* * * LOW HITPOINT WARNING * * *
Unknown command.
It was a potion of magic.
Magic courses through your body. The hobgoblin hits you.
You die...

.........##..###
######..##..##
##.........###
#........#...#
#..........##.#
#..........# ...
#..........# ##.#
>..........##### #
............g@..#
.....(......####..#
........... S...
......!...... ....
..........#### ...
...!......# ##
..........#
[...(....##


You could see a hobgoblin and a ball python (asleep).

Vanquished Creatures
  An adder (D:1)
  2 dart slugs (D:1)
  A bat (D:1)
  4 endoplasms
  A giant cockroach (D:1)
  2 goblins
  3 hobgoblins (D:1)
  4 jackals (D:1)
  6 ball pythons
  A frilled lizard (D:1)
  A kobold (D:1)
  5 rats
31 creatures vanquished.

Notes
Turn   | Place    | Note
-------+----------+-------------------------------------------
     0 | D:1      | ryw the Human Brigand began the quest for the Orb.
     0 | D:1      | Reached XP level 1. HP: 16/16 MP: 1/1
   103 | D:1      | Reached XP level 2. HP: 19/22 MP: 2/2
   407 | D:1      | Reached XP level 3. HP: 25/28 MP: 3/3
   841 | D:1      | Found a faded altar of an unknown god.
   982 | D:2      | HP: 1/28 [hobgoblin (3)]
   983 | D:2      | Slain by a hobgoblin

Illustrated notes

Levels and vault maps discovered:
D:1:      roderic_dead_forest, layout_loops_cross,
          shapermc_ecumenical_altar_petra
D:2:      layout_rooms, eino_tiny_chamber

Skill      XL: |  1  2  3 |
---------------+----------+-----
Short Blades   | 3 |  3.1
Fighting       | |  2.5
Throwing       | |  2.0
Dodging        | |  1.8
Stealth        | |  4.0

Action                   || total
-------------------------++-------
Melee: Dagger            ||    80
  Use: Potion            ||     1
 Stab: Sleeping          ||     5
       Distracted        ||     1
Armor: Robe              ||    16
Dodge: Dodged            ||    41

Table legend: (Time is in decaauts)
 A = Elapsed time spent in this place.
 B = Non-inter-level travel time spent in this place.
 C = Inter-level travel time spent in this place.
 D = Time resting spent in this place.
 E = Time spent auto-exploring this place.
 F = Levels seen in this place.
 G = Mean time per level.
                   A        B        C        D        E       F      G
               +--------+--------+--------+--------+--------+-----+--------+
         Total |    973 |    966 |      7 |    139 |    652 |   2 |  486.5 |
       Dungeon |    973 |    966 |      7 |    139 |    652 |   2 |  486.5 |
               +--------+--------+--------+--------+--------+-----+--------+

Top non-repeatable levels by time:
     D:1: 918 daAuts
     D:2: 55 daAuts
